 Dungeon Crawl Stone Soup version 0.28-a0-851-g8b9cc49659 (webtiles) character file.

Game seed: 4516725770960763561

885 jasper the Conjurer (level 7, -10/50 HPs)
             Began as a Demigod Conjurer on Nov 14, 2021.
             Mangled by Edmund (16 damage)
             ... on level 6 of the Dungeon on Nov 15, 2021.
             The game lasted 00:08:20 (5154 turns).

jasper the Conjurer (Demigod Conjurer)              Turns: 5154, Time: 00:08:21

Health: -10/50     AC:  5    Str: 13    XL:     7   Next: 47%
Magic:  7/16       EV: 11    Int: 34    God:
Gold:   243        SH:  3    Dex: 10    Spells: 5/14 levels left

rFire   . . .      SeeInvis .   (no weapon)
rCold   + . .      Faith    .   g - +0 buckler
rNeg    + . .      Spirit   .   a - +0 robe
rPois   .          Reflect  .   (no helmet)
rElec   +          Harm     .   k - +0 cloak
rCorr   .          Rampage  .   h - +1 pair of gloves of Neas {rC+}
Will    .....                   (no boots)
Stlth   ++........              (no amulet)
HPRegen 0.16/turn               e - ring of positive energy
MPRegen 0.15/turn               b - ring of Efopirah {rElec Str+5 Int+6 Dex-2}

@: no status effects
A: high mp 1, forlorn
a: no special abilities


You were on level 6 of the Dungeon.
You visited 1 branch of the dungeon, and saw 6 of its levels.

You collected 243 gold pieces.

Inventory:

Missiles
 r - a curare-tipped dart
Armour
 a - a +0 robe (worn)
 g - a +0 buckler (worn)
 h - the +1 pair of gloves of Neas (worn) {rC+}
   (You acquired it on level 4 of the Dungeon)

   rC:        It protects you from cold.
 k - a +0 cloak (worn)
Magical Staves
 u - a staff of fire
Jewellery
 b - the ring of Efopirah (right hand) {rElec Str+5 Int+6 Dex-2}
   (You acquired it on level 1 of the Dungeon)

   [ring of intelligence]

   Str:       It affects your strength (+5).
   Int:       It affects your intelligence (+6).
   Dex:       It affects your dexterity (-2).
   rElec:     It insulates you from electricity.
 e - a ring of positive energy (left hand)
 p - a +6 ring of dexterity
Wands
 o - a wand of charming (20)
 v - a wand of paralysis (9)
Scrolls
 j - a scroll of identify
 l - a scroll of immolation
 m - a scroll of amnesia
 n - 2 scrolls of noise {unknown}
 s - 3 scrolls of teleportation
Potions
 c - 2 potions of cancellation
 d - a potion of flight
 f - a potion of curing
 i - a potion of mutation
 t - a potion of ambrosia {unknown}


   Skills:
 - Level 1.7 Dodging
 - Level 1.7 Stealth
 + Level 4.3 Spellcasting
 - Level 6.4 Conjurations
 - Level 2.0 Necromancy
 * Level 3.2 Translocations


You had 5 spell levels left.
You knew the following spells:

 Your Spells              Type           Power      Damage    Failure   Level
a - Magic Dart            Conj           100%       1d8       1%          1
b - Searing Ray           Conj           100%       2d8       1%          2
c - Sublimation of Blood  Necr           21%        N/A       5%          2
d - Iskenderun's Mystic   Conj/Tloc      40%        2d9       11%         4

Your spell library contained the following spells:

 Spells                   Type           Power      Damage    Failure   Level
 Dazzling Flash           Conj/Hex       58%        N/A       6%          3
 Gell's Gravitas          Tloc           29%        N/A       6%          3
 Teleport Other           Tloc           29%        N/A       6%          3
 Fulminant Prism          Conj/Hex       14%        3d9       22%         4
 Irradiate                Conj/Tmut      14%        3d18      52%         5
 Petrify                  Tmut/Erth      7%         N/A       61%         4
 Dispersal                Tloc           14%        N/A       97%         6


Dungeon Overview and Level Annotations

Branches:
Dungeon (6/15)             Temple (0/1) D:5

Shops:
D:2 (

Annotations:
D:6 Edmund


Innate Abilities, Weirdness & Mutations

Your attributes grow dramatically as you level up.
You have an increased reservoir of magic. (+10% MP)
You shall have no god before yourself.


Message History

You take 1 damage, and have 49/50 hp.
You now have 12/16 mp.
The searing ray hits Edmund.
Edmund is moderately wounded.
You finish channelling your searing ray.
Edmund hits you with a +2 dire flail of holy wrath.
You take 4 damage, and have 45/50 hp.
You now have 11/16 mp.
Casting: Searing Ray (safe; 1% risk of failure)
Confirm with . or Enter, or press ? or * to list all spells.
Aiming: Searing Ray (safe; 1% risk of failure)
Press: ? - help, Shift-Dir - straight line, f/p - Edmund
Aim: Edmund, wielding a +2 dire flail of holy wrath and wearing a +2 chain mail of fire resistance (moderately wounded, 87% to hit)
The searing ray hits Edmund!
Edmund is heavily wounded. (Press . to maintain the ray.) Edmund drinks a potion.
Edmund goes berserk!
You now have 9/16 mp.
The searing ray hits Edmund.
Edmund is severely wounded.
Edmund closely misses you.
You now have 8/16 mp.
The searing ray hits Edmund!
Edmund is severely wounded.
Edmund hits you with a +2 dire flail of holy wrath!! x2
* * * LOW HITPOINT WARNING * * *
You take 39 damage, and have 6/50 hp.
MASSIVE DAMAGE!!
The searing ray hits Edmund.
Edmund is almost dead.
You finish channelling your searing ray.
Edmund closely misses you.
You now have 7/16 mp.
Okay, then.
Okay, then.
Aiming: Iceblast
Press: ? - help, Shift-Dir - straight line, p - Edmund The mass of ice explodes!
The iceblast engulfs Edmund but does no damage.
Edmund is almost dead.
The now-empty wand crumbles to dust.
Edmund barely misses you.
Edmund hits you with a +2 dire flail of holy wrath!
You die...

#.....#
#.....#
#..(..##
#......
#.....#
#.....###
#...@...+
#@# #.##
#..#
##.##
#..## ###
##..##
..#
##..##
..#
##..##..#
##..#..#


You could see Edmund (berserk).

Vanquished Creatures
  Eustachio (D:6)
  A black bear (D:5)
  A sky beast (D:4)
  A kobold brigand (D:5)
  A scorpion (D:6)
  2 bullfrog zombies (D:5)
  2 hounds (D:6)
  3 jellies
  2 iguanas (D:6)
  Jessica (D:2)
  A hound skeleton (D:5)
  4 adders
  2 white imps
  An ufetubus (D:5)
  An adder skeleton (D:4)
  2 dart slugs
  2 orcs
  6 bats
  6 endoplasms
  6 giant cockroaches
  4 goblins
  4 hobgoblins
  10 quokkas
  6 ball pythons
  2 frilled lizards
  7 kobolds
  2 rats (D:1)
81 creatures vanquished.

Notes
Turn   | Place    | Note
-------+----------+-------------------------------------------
     0 | D:1      | jasper the Demigod Conjurer began the quest for the Orb.
     0 | D:1      | Reached XP level 1. HP: 14/14 MP: 5/5
   303 | D:1      | Reached XP level 2. HP: 20/20 MP: 2/7
   306 | D:1      | Learned a level 2 spell: Searing Ray
   386 | D:1      | Reached skill level 4 in Conjurations
  1023 | D:1      | Identified a scroll of acquirement
  1023 | D:1      | Acquired the ring of Efopirah {rElec Str+5 Int+6 Dex-2}
  1225 | D:2      | Found Aphupr Xaull's Weapon Shoppe.
  1382 | D:2      | Noticed Jessica
  1384 | D:2      | Killed Jessica
  1385 | D:2      | Reached XP level 3. HP: 26/26 MP: 5/9
  1388 | D:2      | Learned a level 2 spell: Sublimation of Blood
  2442 | D:3      | Reached XP level 4. HP: 33/33 MP: 0/10
  2905 | D:4      | Acquired the +1 pair of gloves of Neas {rC+}
  3149 | D:4      | Reached skill level 5 in Conjurations
  3149 | D:4      | Reached skill level 1 in Necromancy
  3371 | D:4      | Noticed a sky beast
  3406 | D:4      | Killed a sky beast
  3407 | D:4      | Reached XP level 5. HP: 30/38 MP: 3/12
  3604 | D:4      | Learned a level 4 spell: Iskenderun's Mystic Blast
  3607 | D:5      | Entered Level 5 of the Dungeon
  3607 | D:5      | Noticed a black bear
  3617 | D:5      | Killed a black bear
  3618 | D:5      | Reached XP level 6. HP: 24/45 MP: 5/13
  4033 | D:5      | Reached skill level 6 in Conjurations
  4451 | D:5      | Found a staircase to the Ecumenical Temple.
  4668 | D:6      | Reached skill level 1 in Translocations
  4669 | D:6      | Reached XP level 7. HP: 50/50 MP: 8/16
  4851 | D:6      | Noticed Eustachio
  4859 | D:6      | Killed Eustachio
  5143 | D:6      | Noticed Edmund
  5154 | D:6      | Mangled by Edmund

Illustrated notes

Levels and vault maps discovered:
D:1:      dpeg_arrival_tiny_a, layout_basic
D:2:      layout_basic, serial_shops, shop, shop, uniq_jessica
D:3:      layout_basic, lightli_temple_of_fire, ebering_ecumenical_altar_box,
          gup_sewer_entry_pipe
D:4:      layout_rooms
D:5:      layout_basic, minmay_temple_entry_crystal_x
D:6:      minmay_polygon_palace, layout_rooms, st_stairs_6, uniq_eustachio,
          uniq_edmund

Skill      XL: |  1  2  3  4  5  6  7 |
---------------+----------------------+-----
Spellcasting   | 2 3 4 |  4.3
Conjurations   | 4 5 6 |  6.4
Necromancy     | 1 2 |  2.0
Translocations | 1 3 |  3.2
Dodging        | |  1.7
Stealth        | |  1.7

Action                   |  1- 3 |  4- 6 |  7- 9 || total
-------------------------+-------+-------+-------++-------
 Cast: Magic Dart        |    71 |    64 |     8 ||   143
       Searing Ray       |     2 |    14 |     7 ||    23
Evoke: Wand              |       |       |     4 ||     4
  Use: Scroll            |     7 |     3 |       ||    10
Armor: Robe              |     2 |     6 |       ||     8
Dodge: Dodged            |     2 |     8 |     6 ||    16

Table legend: (Time is in decaauts)
 A = Elapsed time spent in this place.
 B = Non-inter-level travel time spent in this place.
 C = Inter-level travel time spent in this place.
 D = Time resting spent in this place.
 E = Time spent auto-exploring this place.
 F = Levels seen in this place.
 G = Mean time per level.
                   A        B        C        D        E       F      G
               +--------+--------+--------+--------+--------+-----+--------+
         Total |   5160 |   5085 |     75 |      4 |   4593 |   6 |  860.0 |
       Dungeon |   5160 |   5085 |     75 |      4 |   4593 |   6 |  860.0 |
               +--------+--------+--------+--------+--------+-----+--------+

Top non-repeatable levels by time:
     D:3: 1173 daAuts
     D:5: 1055 daAuts
     D:1: 1044 daAuts
     D:4: 801 daAuts
     D:2: 594 daAuts
     D:6: 490 daAuts
